 Dungeon Crawl Stone Soup version 0.20.1-1-g8b1a95d (webtiles) character file.

1382 Kagerus the Carver (level 8, -9/58 HPs)
             Began as a Human Fighter on July 28, 2017.
             Was an Initiate of the Shining One.
             Mangled by an ogre
             ... wielding a +0 giant club
              (21 damage)
             ... on level 6 of the Dungeon.
             The game lasted 00:16:39 (7848 turns).

Kagerus the Carver (Human Fighter)                  Turns: 7848, Time: 00:16:40

Health: -9/58      AC: 11    Str: 19    XL:     8   Next: 99%
Magic:  8/8        EV:  7    Int:  9    God:    the Shining One [......]
Gold:   304        SH: 10    Dex: 12    Spells: 7/7 levels left

rFire    + . .     SeeInvis .   a - +1 long sword
rCold    . . .     Gourm    .   c - +0 shield
rNeg     . . .     Faith    .   b - +0 scale mail
rPois    .         Spirit   .   g - +1 helmet
rElec    .         Reflect  .   (no cloak)
rCorr    .         Harm     .   n - +0 pair of gloves
MR       +....                  (no boots)
Stlth    ..........             (no amulet)
Regen    0.2/turn               o - ring of protection from fire
MPRegen  0.2/turn               x - ring of protection from magic

@: glowing
A: no striking features
a: Renounce Religion


You were on level 6 of the Dungeon.
You worshipped the Shining One.
The Shining One was noncommittal.
You were not hungry.

You visited 2 branches of the dungeon, and saw 7 of its levels.

You collected 304 gold pieces.

Inventory:

Hand Weapons
 a - a +1 long sword (weapon)
Missiles
 l - 2 tomahawks (quivered)
Armour
 b - a +0 scale mail (worn)
 c - a +0 shield (worn)
 g - a +1 helmet (worn)
 n - a +0 pair of gloves (worn)
 t - a +2 buckler
Jewellery
 o - a ring of protection from fire (left hand)
 x - a ring of protection from magic (right hand)
Wands
 d - a wand of flame (14/48)
Scrolls
 e - a scroll of enchant armour
 h - 8 scrolls of remove curse
 i - a scroll of recharging
 j - a scroll of amnesia
 r - a scroll of identify
 s - a scroll of teleportation
Potions
 m - 2 potions of lignification
 p - 5 potions of curing
 q - a potion of invisibility {unknown}
 u - a potion of agility {unknown}
 z - 2 potions of brilliance
Comestibles
 f - 5 bread rations
 k - 3 royal jellies


   Skills:
 - Level 3.0 Fighting
 - Level 8.3 Long Blades
 + Level 5.5 Armour
 + Level 5.4 Shields


You had 7 spell levels left.
You didn't know any spells.

Dungeon Overview and Level Annotations

Branches:
Dungeon (6/15)             Temple (1/1) D:5

Altars:
Ashenzari
Cheibriados
Dithmenos
Elyvilon
Fedhas
Gozag
Hepliaklqana
Kikubaaqudgha
Makhleb
Nemelex Xobeh
Okawaru
Qazlal
Ru
Sif Muna
Trog
Uskayaw
Vehumet
Xom
Yredelemnul
Zin
The Shining One


Message History

The ogre closely misses you.
You slash the ogre!
The ogre is moderately wounded.
The ogre hits you with a giant club!!
You hit the ogre.
The ogre is moderately wounded.
You slash the ogre!
The ogre is almost dead.
The ogre hits you with a giant club.
You are too injured to fight recklessly!
You are too injured to fight recklessly!
You are too injured to fight recklessly!
You hit the ogre.
The ogre is almost dead.
The ogre hits you with a giant club!
* * * LOW HITPOINT WARNING * * *
You barely miss the ogre.
The ogre is almost dead.
The ogre hits you with a giant club!!
You die...

# ......... #.
.......# .........
. .#..... #...###
..... #...... ...
##.#### #O# ##@#
##+# #..# ##...##
#.#### ##.....##
#.##.## ##.......#
#.#...####.........
#........+.........
#.#...####......(..
#.##.## #.......#
#.#### ##.....##


You could see an ogre.

Vanquished Creatures
  Duvessa (D:4)
  A sky beast (D:5)
  An ice beast (D:5)
  A centaur (D:6)
  An ogre (D:4)
  A water moccasin zombie (D:5)
  Dowan (D:3)
  A scorpion (D:5)
  2 crimson imps
  A bullfrog skeleton (D:6)
  An orc priest (D:4)
  A centaur skeleton (D:5)
  4 hounds
  A jelly (D:6)
  Natasha (thrice) (D:4 D:3)
  4 orc wizards
  3 worker ants
  A hound skeleton (D:5)
  A gnoll (D:3)
  8 adders
  An adder skeleton (D:4)
  4 worms
  A dart slug (D:1)
  7 leopard geckos
  15 orcs
  4 ball pythons
  8 bats
  5 giant cockroaches
  11 goblins
  10 hobgoblins
  2 quokkas
  6 frilled lizards
  A jackal skeleton (D:5)
  8 kobolds
  A leopard gecko skeleton (D:5)
  A quokka skeleton (D:5)
  11 rats
134 creatures vanquished.

Notes
Turn   | Place    | Note
-------+----------+-------------------------------------------
     0 | D:1      | Kagerus the Human Fighter began the quest for the Orb.
     0 | D:1      | Reached XP level 1. HP: 18/18 MP: 1/1
    34 | D:1      | Reached XP level 2. HP: 12/24 MP: 2/2
   236 | D:1      | Reached skill level 3 in Long Blades
   363 | D:1      | Reached XP level 3. HP: 29/29 MP: 3/3
  1783 | D:2      | Reached skill level 4 in Long Blades
  1783 | D:2      | Reached XP level 4. HP: 35/35 MP: 4/4
  1824 | D:2      | HP: 1/35 [poisoned by an adder]
  2501 | D:2      | Found a blossoming altar of Fedhas.
  2504 | D:2      | Found a glowing silver altar of Zin.
  3014 | D:2      | Reached XP level 5. HP: 41/41 MP: 5/5
  3186 | D:3      | Reached skill level 5 in Long Blades
  3889 | D:3      | Found a white marble altar of Elyvilon.
  4028 | D:4      | Found a sacrificial altar of Ru.
  4055 | D:4      | Reached XP level 6. HP: 45/47 MP: 6/6
  4105 | D:4      | Found a burning altar of Makhleb.
  4112 | D:4      | Reached skill level 6 in Long Blades
  4113 | D:4      | Found a sacrificial altar of Ru.
  4219 | D:4      | Noticed Natasha
  4247 | D:4      | HP: 2/47 [Natasha/magic dart (4)]
  4248 | D:4      | Killed Natasha
  4591 | D:4      | Noticed Duvessa
  4592 | D:4      | Noticed Dowan
  4618 | D:4      | Killed Duvessa
  4618 | D:4      | Reached skill level 7 in Long Blades
  4618 | D:4      | Reached XP level 7. HP: 44/52 MP: 7/7
  4944 | D:3      | Killed Dowan
  5047 | D:4      | Noticed Natasha
  5067 | D:4      | Killed Natasha
  5239 | D:4      | Noticed Natasha
  5495 | D:3      | Killed Natasha
  5694 | D:4      | Reached skill level 8 in Long Blades
  5823 | D:5      | Entered Level 5 of the Dungeon
  5937 | D:5      | Found a staircase to the Ecumenical Temple.
  5942 | Temple   | Entered the Ecumenical Temple
  6208 | D:5      | Reached XP level 8. HP: 58/58 MP: 8/8
  7075 | D:5      | Reached skill level 5 in Armour
  7369 | D:5      | Reached skill level 5 in Shields
  7495 | D:6      | Found a glowing golden altar of the Shining One.
  7497 | D:6      | Noticed an angel
  7504 | D:6      | Became a worshipper of the Shining One
  7764 | D:6      | Found a basalt altar of Yredelemnul.
  7848 | D:6      | Mangled by an ogre

Skill      XL: |  1  2  3  4  5  6  7  8 |
---------------+-------------------------+-----
Long Blades    | 3 4 5 7 8 |  8.3
Armour         | 5 |  5.5
Shields        | 5 |  5.4
Fighting       | |  3.0

Action                   |  1- 3 |  4- 6 |  7- 9 || total
-------------------------+-------+-------+-------++-------
Melee: Long sword        |   121 |   255 |   251 ||   627
Throw: Tomahawk          |       |       |     1 ||     1
  Use: Scroll            |       |    13 |     1 ||    14
       Potion            |       |     4 |     1 ||     5
  Eat: Chunk             |     2 |    10 |     4 ||    16
       Meat ration       |       |       |     1 ||     1
       Bread ration      |       |       |     1 ||     1
Armor: Scale mail        |    56 |    93 |    95 ||   244
Dodge: Dodged            |    34 |    61 |    57 ||   152
Block: Shield            |    65 |   118 |   108 ||   291
       Rpst.: Long sword |     7 |    15 |    18 ||    40
